 Dungeon Crawl Stone Soup version 0.22.1-1-ga44c0e56f4 (webtiles) character file.

111536 Thyrion the Blocker (level 16, -7/83 HPs)
             Began as a Gargoyle Fighter on Oct 7, 2018.
             Was the Champion of Okawaru.
             Mangled by a large abomination (28 damage)
             ... on level 3 of the Abyss on Oct 8, 2018.
             The game lasted 02:26:34 (26596 turns).

Thyrion the Blocker (Gargoyle Fighter)             Turns: 26596, Time: 02:26:35

Health: -7/83      AC: 25    Str: 32    XL:     16   Next: 58%
Magic:  18/20      EV: 24    Int:  9    God:    Okawaru [******]
Gold:   1534       SH: 33    Dex: 20    Spells: 12/15 levels left

rFire    + + .     SeeInvis .   b - +10 flail of a treasure trove {freeze, rElec Dex+4}
rCold    + + +     Gourm    .   V - +5 large shield {reflect}
rNeg     + . .     Faith    .   T - +0 troll leather armour
rPois    ∞         Spirit   .   u - +0 helmet "Raruuch" {rF+ Str+3}
rElec    +         Reflect  +   P - scarf {rC+ rF+}
rCorr    .         Harm     .   H - +2 pair of gloves "Rimy Jal" {rC+ Str+5 Dex+4}
MR       .....     Rnd*Rage +   U - +1 pair of boots {run} Stlth +++.......Rnd*Tele +
                                l - +3 amulet of reflection
HPRegen  0.63/turn              m - ring of protection from cold
MPRegen  0.17/turn              F - ring "Sezer" {+Fly rElec MR- Str+4}

@: about to teleport, heroism, flying, slowed, very slow
A: big wings, [berserk 2], clumsy 1, [deformed body], [frail 2], [low mp 1],
negative energy resistance 1, screaming 1[+1], electricity resistance,
[teleportitis 3], weak 1, unbreathing, petrification resistance, rot immunity,
AC +12
a: Stop Flying, Heroism, Finesse, Renounce Religion


You were on level 3 of the Abyss.
You worshipped Okawaru.
Okawaru was exalted by your worship.
You were hungry.

You visited 4 branches of the dungeon, and saw 23 of its levels.
You visited the Abyss 1 time.

You collected 1809 gold pieces.
You spent 275 gold pieces at shops.


Innate Abilities, Weirdness & Mutations

You are resistant to torment.
Your stone body is resilient. (AC +12)
You are immune to poison.
Your large and strong wings let you fly indefinitely.
You resist negative energy. (rN+)
You are resistant to electric shocks. (rElec)
You can survive without breathing.
You are immune to petrification.
You are immune to rotting.
You are clumsy. (Dex -2)
You are weak. (Str -2)
[You often lose your temper in combat.]
[Armour fits poorly on your strangely shaped body.]
[You are very frail. (-20% HP)]
[Your magical capacity is low. (-10% MP)]
[You sometimes yell uncontrollably at your foes.]
[You are often teleported next to monsters.]


   Skills:
 + Level 13.1(18.1) Fighting
 - Level 12.1(17.1) Maces & Flails
 - Level 9.0(14.0) Slings
 - Level 13.0(18.0) Armour
 - Level 10.0(15.0) Dodging
 - Level 14.0(19.0) Shields
 - Level 9.0 Invocations


You had 12 spell levels left.
You knew the following spells:

 Your Spells              Type           Power        Failure   Level  Hunger
Z - Regeneration          Chrm/Necr      #.........   95%         3    ####...

Your spell library contained the following spells:

 Spells                   Type           Power        Failure   Level  Hunger
 Animate Skeleton         Necr           N/A          67%         1    ##.....
 Apportation              Tloc           #.....       67%         1    ##.....
 Beastly Appendage        Tmut           #.....       67%         1    ##.....
 Confusing Touch          Hex            #.....       67%         1    ##.....
 Freeze                   Ice            #...         67%         1    ##.....
 Magic Dart               Conj           #...         67%         1    ##.....
 Pain                     Necr           #...         67%         1    ##.....
 Summon Small Mammal      Summ           #...         67%         1    ##.....
 Blink                    Tloc           N/A          80%         2    ###....
 Call Imp                 Summ           #.......     80%         2    ###....
 Searing Ray              Conj           #.....       80%         2    ###....
 Slow                     Hex            #.......     80%         2    ###....
 Sticks to Snakes         Tmut           #.......     80%         2    ###....
 Throw Frost              Conj/Ice       #.....       80%         2    ###....
 Call Canine Familiar     Summ           #.......     95%         3    ####...
 Conjure Flame            Conj/Fire      #.......     95%         3    ####...
 Dazzling Spray           Conj/Hex       #.....       95%         3    ####...
 Mephitic Cloud           Conj/Pois/Air  #.......     95%         3    ####...
 Ozocubu's Armour         Chrm/Ice       #.......     95%         3    ####...
 Spider Form              Tmut/Pois      #.........   95%         3    ####...
 Summon Guardian Golem    Hex/Summ       #.......     95%         3    ####...
 Vampiric Draining        Necr           #.........   95%         3    ####...
 Animate Dead             Necr           N/A          100%        4    #####..
 Force Lance              Conj/Tloc      #.......     100%        4    #####..
 Fulminant Prism          Conj/Hex       #.........   100%        4    #####..
 Ice Form                 Ice/Tmut       #.......     100%        4    #####..
 Iskenderun's Mystic Bla  Conj           #.......     100%        4    #####..
 Summon Ice Beast         Ice/Summ       #.......     100%        4    #####..
 Summon Lightning Spire   Summ/Air       #.......     100%        4    #####..
 Throw Icicle             Conj/Ice       #.......     100%        4    #####..
 Blade Hands              Tmut           #.........   100%        5    ######.

Inventory:

Hand Weapons
 a - the +3 hunting sling of Parts Unknown {velocity, Str+4} Any stone fired from it inflicts extra damage. It affects your strength (+4).
 b - the +10 flail of a treasure trove (weapon) {freeze, rElec Dex+4}

   It has been specially enchanted to freeze those struck by it, causing extra
   injury to most foes and up to half again as much damage against particularly
   susceptible opponents.
   It can also slow down cold-blooded creatures.
   It affects your dexterity (+4).
   It insulates you from electricity.
 c - a +2 whip of freezing
 d - a +1 flail of holy wrath
 A - a +1 fustibalus of velocity
Missiles
 j - 591 stones (quivered)
 W - a throwing net {=f}
 Y - 41 sling bullets
Armour
 u - the +0 helmet "Raruuch" (worn) {rF+ Str+3}

   It affects your strength (+3).
   It protects you from fire.
 v - a scarf of repulsion
 x - +0 acid dragon scales
 B - the +4 ring mail of the Shoals {MR+ Slay+3 SInv}

   It affects your accuracy and damage with ranged weapons and melee attacks
   (+3).
   It affects your resistance to hostile enchantments.
   It lets you see invisible.
 H - the +2 pair of gloves "Rimy Jal" (worn) {rC+ Str+5 Dex+4}

   It affects your strength (+5).
   It affects your dexterity (+4).
   It protects you from cold.
 P - a scarf of resistance (worn)
 T - a +0 troll leather armour (worn)
 U - a +1 pair of boots of running (worn)
 V - a +5 large shield of reflection (worn)
Magical Staves
 p - an uncursed staff of earth {unknown}
Jewellery
 i - an uncursed ring of protection from magic
 l - a +3 amulet of reflection (around neck)
 m - a ring of protection from cold (left hand)
 F - the ring "Sezer" (right hand) {+Fly rElec MR- Str+4}

   [ring of flight]

   It affects your strength (+4).
   It insulates you from electricity.
   It affects your resistance to hostile enchantments.
   It lets you fly.
 J - an uncursed ring of fire
Wands
 g - a wand of scattershot (6)
 n - a wand of disintegration (62)
 w - a wand of iceblast (5)
 y - a wand of acid (6)
 D - a wand of digging (14)
Scrolls
 h - 5 scrolls of teleportation {@r4}
 r - 4 scrolls of blinking
 s - 4 scrolls of fear
 C - a scroll of identify {@r1}
 G - 4 scrolls of magic mapping
 I - 3 scrolls of fog
 N - a scroll of holy word
 O - 5 scrolls of remove curse
 Z - 4 scrolls of torment {!r}
Potions
 e - 4 potions of haste {@q3}
 k - 3 potions of invisibility
 o - 4 potions of resistance
 q - 7 potions of curing {@q1}
 t - 3 potions of magic
 z - 3 potions of cancellation
 K - 7 potions of agility
 L - 5 potions of ambrosia
 Q - 4 potions of brilliance
 S - 9 potions of might
Miscellaneous
 R - a lamp of fire
Comestibles
 f - 33 rations

Dungeon Overview and Level Annotations

Branches:
Dungeon (15/15)            Temple (1/1) D:4            Lair (6/6) D:8
  Swamp (0/4) Lair:2        Snake (1/4) Lair:4        Slime (0/5) Lair:6
    Orc (0/2) D:11         Vaults (0/5) D:14         Depths (0/5) D:15

Altars:
Ashenzari
Cheibriados
Dithmenos
Elyvilon
Fedhas
Gozag
Hepliaklqana
Kikubaaqudgha
Makhleb
Nemelex Xobeh
Okawaru
Qazlal
Ru
Sif Muna
Trog
Uskayaw
Vehumet
Wu Jian
Xom
Yredelemnul
Zin
The Shining One
Lugonu

Shops:
D:5 [   D:9 *   D:11 (

Portals:
Abyss: D:1

Annotations:
D:1 cleared
D:2 cleared, exclusion: downstairs
D:3 cleared, exclusion: downstairs
D:4 cleared
D:5 cleared, exclusion: downstairs
D:6 cleared
D:7 cleared
D:8 cleared
D:9 cleared
D:10 cleared
D:11 cleared
D:12 cleared
D:13 cleared, exclusion: upstairs
D:14 cleared
D:15 cleared
Lair:1 otherwise cleared, exclusion: 4 oklob plants
Lair:2 cleared
Lair:3 cleared
Lair:4 cleared
Lair:5 cleared
Lair:6 cleared
Snake:1 1 transporter

##### .#
#####.#X# #..
##.# §4#@#....
#....332#x.# ##
.#...NS .....
#...##.§#.#.#....
#...##.N.#....§.#
#...#N#. ##§###
### ##.#)# #N.#§
##.....#.3#####.
#4 .. ..§..#
.4X.## .N


You could see 2 naga warriors, a cacodemon, a large abomination, a guardian
serpent, a sixfirhy, a smoke demon, a naga and a small abomination.


Message History

The cacodemon is poisoned.
The bolt of poison misses you.
The bolt of poison hits the large abomination.
The large abomination completely resists.
You block the large abomination's attack.
You block the small abomination's attack.
The cacodemon barely misses you.
The cacodemon hits you but does no damage.
The naga warrior completely misses you.
The guardian serpent coils itself and waves its upper body at you.
The bolt of poison hits the cacodemon.
The bolt of poison hits you! You resist.
The bolt of poison hits the large abomination.
The large abomination completely resists.
Use which ability? (? or * to list)
You gain the combat prowess of a mighty hero.
You block the small abomination's attack.
A naga comes into view. It is wielding a mace.
You block the large abomination's attack.
The cacodemon misses you. You block the cacodemon's attack.
The small abomination misses you. The naga warrior closely misses you.
The smoke demon gestures at you. Something smites you!
* * * LOW HITPOINT WARNING * * *
A naga warrior comes into view. It is wielding a dire flail.
The large abomination hits you!!
You die...

Action                   |  1- 3 |  4- 6 |  7- 9 | 10-12 | 13-15 | 16-18 || total
-------------------------+-------+-------+-------+-------+-------+-------++-------
Melee: Flail             |   130 |   190 |   323 |   375 |  1071 |   261 ||  2350
       Whip              |       |       |    17 |       |    13 |       ||    30
 Fire: Hunting sling     |    28 |   122 |   216 |   244 |   739 |    25 ||  1374
Invok: Heroism           |       |       |       |     6 |     1 |     3 ||    10
       Finesse           |       |       |       |       |       |     2 ||     2
 Abil: Fly               |       |       |       |       |     1 |       ||     1
  Use: Scroll            |     3 |     5 |     8 |     6 |    17 |     3 ||    42
       Potion            |       |       |       |       |       |     4 ||     4
 Stab: Sleeping          |       |       |       |     1 |       |       ||     1
       Distracted        |       |       |       |       |       |     1 ||     1
  Eat: Chunk             |     1 |    17 |     8 |    10 |    43 |     3 ||    82
       Ration            |       |       |       |       |     1 |       ||     1
Armor: Scale mail        |    77 |    93 |   177 |       |       |       ||   347
       Ring mail         |       |       |    22 |    88 |   198 |    28 ||   336
       Plate armour      |       |       |       |    71 |       |       ||    71
       Troll leather arm |       |       |       |       |       |    12 ||    12
Dodge: Dodged            |    47 |    77 |   121 |    99 |   186 |    93 ||   623
Block: Shield            |    66 |   117 |   277 |   249 |       |       ||   709
       Reflection        |       |       |     4 |    40 |    51 |     7 ||   102
       Large shield      |       |       |       |    80 |  1061 |   282 ||  1423

Vault maps used:
D:1:      erik_arrival_cave_to_civilisation, minmay_misc_feat_five
D:2:      minmay_crystal_room
D:3:      lemuel_round_altar, lemuel_doored_altar, nicolae_ru_path_of_blood,
          uniq_jessica, uniq_terence
D:4:      lemuel_coloured_pillars_altar, minmay_temple_entry_glass,
          kennysheep_minor_cross, uniq_natasha, uniq_sigmund
D:5:      lemuel_round_altar, serial_shops, nicolae_shop_overgrown_old_shop,
          first_ration, ebering_ghost_sewer_d, uniq_ijyb, uniq_prince_ribbit1
D:6:      lemuel_round_altar, grunt_dithmenos_smoke_and_mirrors, uniq_edmund,
          uniq_pikel, uniq_eustachio
D:7:      minmay_cornered_nines, grunt_temple_overflow_open
D:8:      makhleb_heckhound_becter, erik_lair_island, uniq_joseph
D:9:      overflow_temple_1_default, overflow_temple_1_default,
          nemelex_xobeh_ov_fountains_minmay, hangedman_fish_farm,
          nicolae_transmutations_shop, uniq_erolcha
D:10:     special_room, basic_altar, lemuel_statue_altar
D:11:     hiddenorc1_lemuel, serial_shops, shop, dk_noncrumbling_3
D:12:     gammafunk_corrupted_shrine, spider_trap
D:14:     david_vaults_4, hangedman_decor_opposing
D:15:     gammafunk_enter_depths_forms, minmay_splitting_lines,
          minmay_stone_trees_small
Temple:   nicolae_temple_figure_zero
Lair:1:   basic_altar, infiniplex_staircase_pool_2, serial_bayou_shore_b,
          grunt_megastairs_5, minmay_lair_oklob_chamber, serial_bayou_shore_b,
          lemuel_fruit_tree
Lair:2:   minmay_swamp_entry_wisps
Lair:3:   basic_altar, minivault_27, serial_bayou_shore_a, grunt_megastairs_3
Lair:4:   minmay_snake_entry_guardpost_medium
Lair:6:   evilmike_catoblepas_cave, slime_dummy, grunt_megastairs_4
Snake:1:  gammafunk_its_a_trap, basic_altar
Abyss:3:  nicolae_abyss_rune_left_handed

Notes
Turn   | Place    | Note
-------+----------+-------------------------------------------
     0 | D:1      | Thyrion the Gargoyle Fighter began the quest for the Orb.
     0 | D:1      | Reached XP level 1. HP: 14/14 MP: 1/1
    67 | D:1      | Reached XP level 2. HP: 19/19 MP: 2/2
    95 | D:1      | Found a corrupted altar of Lugonu.
    95 | D:1      | Found a one-way gate to the infinite horrors of the Abyss.
    95 | D:1      | Noticed a demonic crawler
   120 | D:1      | Reached skill level 3 in Maces & Flails
   255 | D:1      | Reached XP level 3. HP: 21/23 MP: 3/3
   905 | D:2      | Reached skill level 1 in Slings
   905 | D:2      | Reached skill level 4 in Armour
  1009 | D:2      | Reached XP level 4. HP: 26/28 MP: 4/4
  1393 | D:2      | Reached skill level 2 in Slings
  1612 | D:2      | Reached XP level 5. HP: 23/32 MP: 5/5
  1629 | D:2      | Reached skill level 3 in Slings
  1975 | D:3      | Found an ancient bone altar of Kikubaaqudgha.
  2060 | D:3      | Reached skill level 4 in Shields
  2121 | D:3      | Reached XP level 6. HP: 19/37 MP: 6/6
  2255 | D:3      | Reached skill level 4 in Fighting
  2521 | D:3      | Noticed Jessica
  2522 | D:3      | Identified a potion of resistance
  2545 | D:3      | Killed Jessica
  2586 | D:3      | Found a snail-covered altar of Cheibriados.
  2716 | D:3      | Noticed Terence
  2723 | D:3      | Killed Terence
  2795 | D:3      | Found a sacrificial altar of Ru.
  2933 | D:4      | Reached skill level 4 in Maces & Flails
  2973 | D:4      | Found a staircase to the Ecumenical Temple.
  2978 | D:4      | Noticed Natasha
  3087 | Temple   | Entered the Ecumenical Temple
  3248 | D:4      | Killed Natasha
  3470 | D:4      | Reached skill level 4 in Slings
  3501 | D:4      | Reached XP level 7. HP: 41/43 MP: 7/7
  3505 | D:4      | Found a blossoming altar of Fedhas.
  3687 | D:4      | Noticed Sigmund
  3714 | D:4      | Killed Sigmund
  3714 | D:4      | Reached skill level 5 in Shields
  3758 | D:4      | Reached skill level 6 in Shields
  3785 | D:4      | Noticed Natasha
  3798 | D:4      | Killed Natasha
  3956 | D:4      | Reached skill level 5 in Armour
  4053 | D:4      | Noticed Natasha
  4058 | D:4      | Killed Natasha
  4129 | D:4      | Reached XP level 8. HP: 48/48 MP: 8/8
  4396 | D:5      | Entered Level 5 of the Dungeon
  4396 | D:5      | Found Unaor's Antique Armour Shop.
  4403 | D:5      | Reached skill level 5 in Fighting
  4610 | D:5      | Noticed Ijyb
  4610 | D:5      | Noticed Prince Ribbit
  4626 | D:5      | Killed Ijyb
  4643 | D:5      | Killed Prince Ribbit
  4643 | D:5      | Reached skill level 5 in Maces & Flails
  4669 | D:5      | Found a basalt altar of Yredelemnul.
  4902 | D:5      | Found a runed door.
  4912 | D:5      | Noticed moonpresence's ghost (novice GrFi)
  4927 | D:5      | Reached skill level 6 in Maces & Flails
  5007 | D:5      | Reached skill level 6 in Fighting
  5300 | D:5      | Bought a pair of twisted gloves for 275 gold pieces
  5305 | D:5      | Identified the cursed +0 pair of gloves "Okapugg" {Stlth+}
                  | (You bought it in a shop on level 5 of the Dungeon)
  5349 | D:6      | Reached skill level 6 in Armour
  5349 | D:6      | Reached XP level 9. HP: 49/55 MP: 9/9
  5479 | D:6      | Found a shadowy altar of Dithmenos.
  5491 | D:6      | Noticed Eustachio
  5576 | D:6      | Killed Eustachio
  5576 | D:6      | Reached skill level 5 in Slings
  5675 | D:6      | Noticed Pikel
  5678 | D:6      | Got a brightly glowing ring mail
  5724 | D:6      | Identified the +4 ring mail of the Shoals {MR+ Slay+3 SInv}
                  | (You found it on level 6 of the Dungeon)
  5806 | D:6      | Killed Pikel
  5806 | D:6      | Reached skill level 8 in Armour
  5929 | D:6      | Found a shadowy altar of Dithmenos.
  6089 | D:6      | Noticed Edmund
  6109 | D:6      | Killed Edmund
  6349 | D:6      | Reached skill level 7 in Fighting
  6895 | D:7      | Got a pair of pitted gloves
  6921 | D:7      | Reached skill level 7 in Shields
  7071 | D:7      | Found an iron altar of Okawaru.
  7073 | D:7      | Found a glowing silver altar of Zin.
  7082 | D:7      | Reached skill level 8 in Fighting
  7082 | D:7      | Reached XP level 10. HP: 64/64 MP: 10/10
  7091 | D:7      | Found a shimmering altar of Xom.
  7099 | D:7      | Became a worshipper of Warmaster Okawaru
  7490 | D:7      | Reached skill level 8 in Shields
  7561 | D:7      | Noticed an unseen horror
  7573 | D:7      | Killed an unseen horror
  7573 | D:7      | Reached * piety under Okawaru
  7573 | D:7      | Reached skill level 7 in Maces & Flails
  7590 | D:7      | Noticed a deep elf mage
  7599 | D:7      | Killed a deep elf mage
  7652 | D:7      | Reached skill level 6 in Slings
  7729 | D:7      | Reached skill level 1 in Invocations
  7747 | D:7      | Reached skill level 2 in Invocations
  7754 | D:7      | Got an ichor-stained plate armour
  7765 | D:7      | Identified the cursed +0 plate armour of Zedwakav {rElec
                  | MR+ Int+2} (You found it on level 7 of the Dungeon)
  8189 | D:8      | Reached ** piety under Okawaru
  8230 | D:8      | Found a staircase to the Lair.
  8242 | D:8      | Reached skill level 9 in Fighting
  8362 | D:8      | Reached skill level 1 in Dodging
  8485 | D:8      | Reached skill level 2 in Dodging
  8579 | D:8      | Noticed Joseph
  8589 | D:8      | Killed Joseph
  8589 | D:8      | Reached skill level 3 in Dodging
  8666 | D:8      | Identified the +2 pair of gloves "Rimy Jal" {rC+ Str+5
                  | Dex+4} (You found it on level 7 of the Dungeon)
  8755 | D:8      | Found a burning altar of Makhleb.
  8875 | D:8      | Reached skill level 4 in Dodging
  8875 | D:8      | Reached XP level 11. HP: 70/71 MP: 12/12
  9110 | D:9      | Found Hotid's Changing Room.
  9175 | D:9      | Found a sparkling altar of Nemelex Xobeh.
  9269 | D:9      | Reached *** piety under Okawaru
  9269 | D:9      | Reached skill level 9 in Shields
  9435 | D:9      | Found an ornate altar of the Wu Jian Council.
  9501 | D:9      | Noticed Erolcha
  9512 | D:9      | Killed Erolcha
  9602 | D:9      | You fall through a shaft!
  9602 | D:10     | Entered Level 10 of the Dungeon
  9618 | D:10     | You fall through a shaft for 2 floors!
  9626 | D:12     | Reached skill level 9 in Armour
  9632 | D:12     | You fall through a shaft for 3 floors!
  9632 | D:15     | Entered Level 15 of the Dungeon
  9632 | D:15     | Noticed a brown ugly thing
  9632 | D:15     | Noticed a brown ugly thing
  9645 | D:15     | Noticed a cyclops
  9649 | D:15     | Killed a cyclops
  9651 | D:15     | Killed a brown ugly thing
  9651 | D:15     | Noticed a brown ugly thing
  9655 | D:15     | Noticed a brown ugly thing
  9659 | D:15     | Killed a brown ugly thing
  9659 | D:15     | Reached skill level 5 in Dodging
  9660 | D:15     | Noticed a brown ugly thing
  9678 | D:15     | Killed a white ugly thing
  9678 | D:15     | Reached **** piety under Okawaru
  9682 | D:15     | Killed a brown ugly thing
  9682 | D:15     | Reached skill level 8 in Maces & Flails
  9683 | D:15     | Killed a brown ugly thing
  9683 | D:15     | Reached ***** piety under Okawaru
  9763 | D:15     | Identified a scarf of resistance (You found it on level 15
                  | of the Dungeon)
  9765 | D:15     | Noticed a purple ugly thing
  9765 | D:15     | Noticed an orb spider
  9766 | D:15     | an orb spider changed into a hornet
  9784 | D:15     | Killed a purple ugly thing
  9784 | D:15     | Received a gift from Okawaru
  9785 | D:15     | Noticed a tengu warrior
  9785 | D:15     | Reached skill level 3 in Invocations
  9802 | D:15     | Got a jewelled ring mail
  9851 | D:15     | Noticed a white ugly thing
  9874 | D:15     | Killed a white ugly thing
  9879 | D:15     | Reached skill level 7 in Slings
  9882 | D:15     | Reached skill level 4 in Invocations
  9913 | D:15     | Noticed a shock serpent
  9933 | D:15     | Reached skill level 5 in Invocations
 10007 | D:15     | Reached XP level 12. HP: 76/76 MP: 16/16
 10008 | D:15     | Noticed a centaur warrior
 10011 | D:15     | Noticed a two-headed ogre
 10018 | D:15     | Killed a centaur warrior
 10018 | D:15     | Reached skill level 6 in Invocations
 10024 | D:15     | Killed a two-headed ogre
 10024 | D:15     | Reached skill level 7 in Invocations
 10051 | D:15     | Identified the cursed +0 ring mail of Untold Secrets {rC+
                  | Str+3 Int-5 Stlth+} (You found it on level 15 of the
                  | Dungeon)
 10085 | D:15     | Noticed a centaur warrior
 10093 | D:15     | Killed a centaur warrior
 10093 | D:15     | Received a gift from Okawaru
 10093 | D:15     | Reached skill level 8 in Invocations
 10216 | D:15     | Received a gift from Okawaru
 10304 | D:15     | Found a staircase to the Depths.
 10357 | D:15     | Reached skill level 9 in Invocations
 10360 | D:15     | Noticed a six-headed hydra
 10376 | D:15     | Killed a six-headed hydra
 10402 | D:15     | Reached skill level 9 in Maces & Flails
 10528 | D:15     | Reached skill level 10 in Shields
 10800 | D:15     | Noticed a two-headed ogre
 10800 | D:15     | Noticed an ogre mage
 10804 | D:15     | Noticed a two-headed ogre
 10833 | D:15     | Killed a two-headed ogre
 10833 | D:15     | Reached skill level 10 in Fighting
 10836 | D:15     | Killed a two-headed ogre
 10839 | D:15     | Noticed a two-headed ogre
 10841 | D:15     | Killed an ogre mage
 10841 | D:15     | Reached skill level 6 in Dodging
 10841 | D:15     | Reached XP level 13. HP: 79/82 MP: 19/19
 10852 | D:15     | Reached ****** piety under Okawaru
 10872 | D:15     | Learned a level 3 spell: Regeneration
 11109 | D:15     | Reached skill level 10 in Armour
 11342 | D:14     | Received a gift from Okawaru
 11354 | D:14     | Identified a +0 pair of boots of running (Okawaru gifted it
                  | to you on level 14 of the Dungeon)
 11523 | D:15     | Reached skill level 8 in Slings
 12050 | D:14     | Reached skill level 9 in Slings
 12123 | D:14     | Found a gate to the Vaults.
 12677 | D:13     | Reached skill level 11 in Shields
 13129 | D:13     | Reached skill level 11 in Fighting
 13953 | D:12     | Reached skill level 11 in Armour
 14022 | D:12     | Received a gift from Okawaru
 14025 | D:12     | Gained mutation: Your large and strong wings let you fly
                  | indefinitely. [Gargoyle growth]
 14025 | D:12     | Reached XP level 14. HP: 90/90 MP: 20/20
 14354 | D:12     | Reached skill level 10 in Maces & Flails
 14372 | D:12     | Found a transporter.
 14648 | D:11     | Found Boaghas's Weapon Emporium.
 14940 | D:11     | Found a staircase to the Orcish Mines.
 15579 | D:10     | Reached skill level 12 in Shields
 15754 | D:10     | Got a brightly glowing flail
 15755 | D:10     | Identified the +10 flail of a treasure trove {freeze, rElec
                  | Dex+4} (You found it on level 10 of the Dungeon)
 16093 | D:10     | Found a shimmering altar of Xom.
 16113 | D:10     | Received a gift from Okawaru
 16241 | D:10     | Found a basalt altar of Yredelemnul.
 16374 | D:9      | Found a hazy altar of Hepliaklqana.
 17027 | D:5      | Killed moonpresence's ghost
 17150 | Lair:1   | Entered Level 1 of the Lair of Beasts
 17237 | Lair:1   | Got a scintillating crystal amulet
 17239 | Lair:1   | Identified the amulet of Perfectionism {Inacc *Contam +Fly
                  | rPois Dex+5} (You found it on level 1 of the Lair of
                  | Beasts)
 17272 | Lair:1   | Gained mutation: You are weak. (Str -2) [mutagenic glow]
 17671 | Lair:1   | Found a glowing silver altar of Zin.
 17988 | Lair:2   | Reached skill level 12 in Fighting
 18078 | Lair:2   | You are sucked into a shaft for 2 floors!
 18340 | Lair:2   | Received a gift from Okawaru
 18408 | Lair:2   | Found a staircase to the Swamp.
 18918 | Lair:3   | Found a radiant altar of Vehumet.
 19110 | Lair:3   | Reached skill level 12 in Armour
 20097 | Lair:4   | Reached skill level 7 in Dodging
 20156 | Lair:4   | Received a gift from Okawaru
 20893 | Lair:4   | Got a distressingly furry helmet {god gift}
 20904 | Lair:4   | Identified the +0 helmet "Raruuch" {rF+ Str+3} (Okawaru
                  | gifted it to you on level 4 of the Lair of Beasts)
 21074 | Lair:4   | Found a staircase to the Snake Pit.
 21366 | Lair:4   | Reached skill level 11 in Maces & Flails
 21686 | Lair:4   | Reached XP level 15. HP: 96/96 MP: 21/21
 22555 | Lair:6   | Entered Level 6 of the Lair of Beasts
 22769 | D:4      | Got a polished hunting sling
 22770 | D:4      | Identified the +3 hunting sling of Parts Unknown {velocity,
                  | Str+4} (You took it off a gnoll on level 4 of the Dungeon)
 23044 | Lair:5   | Reached skill level 8 in Dodging
 23396 | Lair:6   | Reached skill level 9 in Dodging
 23431 | Lair:6   | Found a staircase to the Slime Pits.
 23605 | Lair:6   | Received a gift from Okawaru
 23742 | Lair:6   | Got a scintillating silver ring
 23744 | Lair:6   | Identified the ring "Sezer" {+Fly rElec MR- Str+4} (You
                  | found it on level 6 of the Lair of Beasts)
 23789 | Lair:6   | Reached skill level 13 in Shields
 23869 | Lair:6   | Received a gift from Okawaru
 23870 | Lair:6   | Got a shimmering arbalest {god gift}
 24896 | D:12     | Found a corrupted altar of Lugonu.
 24925 | D:12     | Reached skill level 13 in Fighting
 24992 | D:12     | Found a transporter.
 25220 | Snake:1  | Entered Level 1 of the Snake Pit
 25256 | Lair:4   | Received a gift from Okawaru
 25333 | Snake:1  | Found a transporter.
 25411 | Snake:1  | Reached skill level 13 in Armour
 25421 | Snake:1  | Received a gift from Okawaru
 25533 | Snake:1  | Reached XP level 16. HP: 98/104 MP: 22/22
 25683 | Snake:1  | Found a shimmering altar of Xom.
 25803 | Snake:1  | Found a transporter.
 25817 | Snake:1  | Noticed a nagaraja
 25817 | Snake:1  | Cast into level 3 of the Abyss (the power of Zot)
 25818 | Abyss:3  | Noticed a tentacled starspawn
 25857 | Abyss:3  | Killed a tentacled starspawn
 25857 | Abyss:3  | Reached skill level 12 in Maces & Flails
 25961 | Abyss:3  | Received a gift from Okawaru
 25964 | Abyss:3  | Gained mutation: You are clumsy. (Dex -2) [a neqoxec]
 25985 | Abyss:3  | Paralysed by you for 2 turns
 26100 | Abyss:3  | Noticed a tentacled starspawn
 26200 | Abyss:3  | Reached skill level 10 in Dodging
 26536 | Abyss:3  | Noticed a tentacled starspawn
 26541 | Abyss:3  | Killed a tentacled starspawn
 26554 | Abyss:3  | Reached skill level 14 in Shields
 26590 | Abyss:3  | Gained mutation: [You sometimes yell uncontrollably at your
                  | foes.] [a cacodemon]
 26593 | Abyss:3  | HP: 3/83 [naga warrior/glaive (26)]
 26596 | Abyss:3  | Mangled by a large abomination

Vanquished Creatures
  2 tentacled starspawn (Abyss:3)
  A cacodemon (Abyss:3)
  Erolcha (D:9)
  2 naga warriors (Snake:1)
  An ogre mage (D:15)
  8 hydras
  5 anacondas
  6 two-headed ogres
  A dancing weapon (Abyss:3)
  2 centaur warriors (D:15)
  3 catoblepae (Lair:6)
  A tengu warrior (D:15)
  16 death yaks
  2 death knights
  A vampire mage (Abyss:3)
  A naga sharpshooter (Snake:1)
  A sun demon (Abyss:3)
  3 wretched stars (Abyss:3)
  2 sixfirhies (Abyss:3)
  An iron troll (D:14)
  A fire crab (Lair:6)
  A skeletal warrior (D:15)
  4 unseen horrors
  A glowing orange brain (Abyss:3)
  2 naga ritualists (Snake:1)
  A wizard (D:14)
  Pikel (D:6)
  An anaconda skeleton (Abyss:3)
  2 mana vipers
  23 ugly things
  2 deep elf magi
  4 manticores
  A worldbinder (Abyss:3)
  A salamander (Snake:1)
  An apocalypse crab (Abyss:3)
  13 elephants
  A naga mage (Snake:1)
  2 smoke demons (Abyss:3)
  6 black mambas
  9 spiny frogs
  An orange demon (Abyss:3)
  A gargoyle (D:15)
  A kobold demonologist (D:11)
  2 efreet
  A komodo dragon (Lair:2)
  4 freezing wraiths
  4 rime drakes
  The ghost of moonpresence the Cudgeler, a novice GrFi of Okawaru (D:5)
  A tormentor (Abyss:3)
  An ancient zyme (Abyss:3)
  A demonic crawler (Abyss:3)
  2 tengu conjurers
  A polar bear (Lair:3)
  7 trolls
  A queen bee (shapeshifter) (D:15)
  A merfolk (D:9)
  A hornet (shapeshifter) (D:15)
  A hornet (D:11)
  4 blink frogs (Lair:4)
  A meliai zombie (D:13)
  7 raiju (Abyss:3)
  17 slime creatures
  7 dream sheep (Lair:6)
  Prince Ribbit (D:5)
  7 hippogriffs
  A shadow (D:15)
  Sigmund (D:4)
  2 wraiths
  2 ynoxinuls (Abyss:3)
  19 yaks
  10 large abominations
  Eustachio (D:6)
  2 basilisks
  2 neqoxecs (Abyss:3)
  3 wyverns
  A hungry ghost (D:11)
  A redback simulacrum (D:15)
  A vampire mosquito (D:7)
  10 nagas
  6 small abominations (Abyss:3)
  Edmund (D:6)
  An acid dragon (D:13)
  6 insubstantial wisps
  A floating eye (shapeshifter) (D:15)
  3 water moccasins
  A porcupine (shapeshifter) (D:15)
  7 porcupines
  4 ice beasts
  11 orc warriors
  2 sky beasts
  A black bear (D:11)
  3 eyes of draining
  9 ogres
  2 slaves (D:6)
  A phantom (D:10)
  10 centaurs
  5 boggarts (D:15)
  7 wolves
  11 crocodiles
  11 bullfrogs
  A big kobold (D:5)
  A gnoll sergeant (D:4)
  3 scorpions
  5 killer bees (D:8)
  5 wights (D:12)
  3 electric eels
  2 howler monkeys (D:4)
  2 crimson imps (D:13)
  7 starcursed masses (Abyss:3)
  5 bullfrog zombies
  6 centaur skeletons
  3 centaur zombies
  5 jellies
  A gnoll shaman (D:4)
  9 hounds
  18 orc priests
  19 orc wizards
  Jessica (D:3)
  Ijyb (D:5)
  Terence (D:3)
  5 iguanas
  13 worker ants
  Natasha (thrice) (D:4)
  3 hound skeletons
  A howler monkey zombie (D:5)
  17 gnolls
  16 adders
  5 shadow imps
  2 ufetubi (Abyss:3)
  An ooze (D:2)
  2 worms
  2 dart slugs
  7 leopard geckos
  95 orcs
  2 ball pythons
  6 bats
  5 giant cockroaches
  6 goblins
  6 hobgoblins
  18 jackals
  2 quokkas
  A ball python skeleton (D:4)
  5 frilled lizards
  14 kobolds
  2 leopard gecko skeletons
  3 rats
712 creatures vanquished.

Vanquished Creatures (others)
  A centaur warrior (D:14)
  3 cyclopes
  Joseph (D:8)
  10 centaurs
  A gnoll (D:6)
  An orc (D:10)
  A bush (Lair:6)
  A lurking horror (Abyss:3)
  14 plants
  15 starspawn tentacles (Abyss:3)
48 creatures vanquished.

Grand Total: 760 creatures vanquished
